 Dungeon Crawl Stone Soup version 0.29.1-15-g9cfb28693d (webtiles) character file.

Game seed: 4427055053541590958

4344 H0rd4k the Thaumaturge (level 10, 0/69 HPs)
             Began as an Octopode Artificer on Mar 30, 2023.
             Was an Initiate of Gozag.
             Slain by a two-headed ogre
             ... wielding a +0 giant club
              (19 damage)
             ... on level 9 of the Dungeon on Mar 31, 2023.
             The game lasted 00:18:42 (13193 turns).

H0rd4k the Thaumaturge (Octopode Artificer)        Turns: 13193, Time: 00:18:43

Health: 0/69       AC:  5    Str: 12    XL:     10   Next: 34%
Magic:  17/23      EV: 13    Int: 26    God:    Gozag
Gold:   725        SH:  0    Dex: 11    Spells: 20/27 levels left

rFire   + + +      SeeInvis .     - Unarmed
rCold   . . .      Faith    .   (no shield)
rNeg    . . .      Spirit   .   (helmet restricted)
rPois   +          Reflect  .   d - amulet "Miawnuxt" {Acrobat rPois rF+++ Int+3 Dex-2}
rElec   .          Harm     .   h - ring of resist corrosion
rCorr   +          Rampage  .   t - +4 ring of protection
Will    +....                   y - ring of willpower
Stlth   +++.......              G - +6 ring of intelligence
HPRegen 0.21/turn               (no ring)
MPRegen 0.18/turn               (no ring)
                                (no ring)
                                (no ring)

@: no status effects
A: almost no armour, amphibious, 8 rings, camouflage 1, gelatinous body 1,
(nimble swimmer 1), tentacles
a: Renounce Religion, Potion Petition, Call Merchant, Bribe Branch


You were on level 9 of the Dungeon.
You worshipped Gozag.
Gozag was pleased with you.
You visited 2 branches of the dungeon, and saw 10 of its levels.
You also visited: Ossuary.

You collected 1626 gold pieces.
You spent 783 gold pieces at shops.
You paid 118 gold pieces to Gozag.

Inventory:

Missiles
 l - 6 atropa-tipped darts
 v - 4 throwing nets
 Q - 13 poisoned darts
Magical Staves
 k - a staff of earth
Jewellery
 d - the amulet "Miawnuxt" (around mantle) {Acrobat rPois rF+++ Int+3 Dex-2}
   (You bought it in a shop on level 5 of the Dungeon)

   [amulet of the acrobat]

   It increases your evasion while moving and waiting.
   Int:       It affects your intelligence (+3).
   Dex:       It affects your dexterity (-2).
   rF:        It renders you almost immune to fire.
   rPois:     It protects you from poison.
 h - a ring of resist corrosion (left tentacle)
 t - a +4 ring of protection (right tentacle)
 y - a ring of willpower (on tentacle)
 F - an amulet of regeneration
 G - a +6 ring of intelligence (on tentacle)
 P - an amulet of reflection
Wands
 C - a wand of digging (4)
 D - a wand of polymorph (7)
 S - a wand of roots (2)
Scrolls
 b - a scroll of amnesia
 c - a scroll of identify
 e - 4 scrolls of teleportation
 f - 2 scrolls of enchant weapon
 g - 4 scrolls of fog
 w - 3 scrolls of poison
 A - 3 scrolls of immolation
 J - 2 scrolls of magic mapping
 O - a scroll of silence {unknown}
 R - a scroll of enchant armour {unknown}
Potions
 a - 4 potions of brilliance
 j - a potion of might {unknown}
 o - 2 potions of flight {unknown}
 p - 3 potions of heal wounds {unknown}
 q - 2 potions of magic
 r - 4 potions of lignification
 s - 4 potions of curing
 z - 2 potions of haste
 B - 2 potions of degeneration {unknown}
 E - 3 potions of invisibility {unknown}
 H - a potion of resistance {unknown}
 I - a potion of attraction {unknown}
 K - a potion of ambrosia {unknown}
 L - a potion of cancellation {unknown}
 M - a potion of berserk rage {unknown}


   Skills:
 - Level 6.7 Fighting
 - Level 2.3 Dodging
 - Level 1.3 Stealth
 - Level 5.2 Unarmed Combat
 * Level 9.0 Spellcasting
 + Level 6.6 Hexes
 * Level 0.3 Translocations
 - Level 3.2 Evocations


You had 20 spell levels left.
You knew the following spells:

 Your Spells              Type           Power      Damage    Failure   Level
a - Confusing Touch       Hex            46%        N/A       1%          3
b - Blink                 Tloc           26%        N/A       7%          2
c - Poisonous Vapours     Pois/Air       22%        N/A       8%          2

Your spell library contained the following spells:

 Spells                   Type           Power      Damage    Failure   Level
 Foxfire                  Conj/Fire      44%        2x1d6     4%          1
 Inner Flame              Hex/Fire       29%        N/A       4%          3
 Lesser Beckoning         Tloc           13%        N/A       14%         3
 Conjure Flame            Conj/Fire      11%        6-21      16%         3
 Yara's Violent Unravell  Hex/Tmut       14%        3d7       36%         5
 Flame Wave               Conj/Fire      11%        2d6       45%         4
 Manifold Assault         Tloc           13%        N/A       77%         5
 Blade Hands              Tmut           5%         N/A       80%         5
 Irradiate                Conj/Tmut      5%         3d13      80%         5
 Enfeeble                 Hex            23%        N/A       96%         7
 Conjure Ball Lightning   Conj/Air       5%         3x3d6     100%        6
 Dragon Form              Tmut           5%         N/A       100%        7
 Discord                  Hex            23%        N/A       100%        8
 Disjunction              Tloc           6%         N/A       100%        8
 Corpse Rot               Necr/Pois/Air  Unusable   N/A       N/A         4

Dungeon Overview and Level Annotations

Branches:
Dungeon (9/15)             Temple (1/1) D:7         Ossuary (visited)
   Lair: D:8-11         Orc: D:9-12

Altars:
Ashenzari
Cheibriados
Dithmenos
Elyvilon
Gozag
Hepliaklqana
Kikubaaqudgha
Makhleb
Nemelex Xobeh
Ru
Uskayaw
Vehumet
Wu Jian
Xom
Yredelemnul
Zin
The Shining One

Shops:
D:2 *   D:5 =   D:9 *

Annotations:
D:6 exclusion: downstairs
D:8 exclusion: steam dragon
D:9 exclusions: 2 shadows and upstairs


Innate Abilities, Weirdness & Mutations

You cannot wear most types of armour.
You are amphibious.
You can wear up to eight rings at the same time.
Your skin changes colour to match your surroundings (Stealth+).
Your rubbery body absorbs attacks. (AC +1, EV +1)
((You are camouflaged when in or above water. (Stealth+)))
You have tentacles for arms and can constrict up to eight enemies at once.


Message History

Confirm with . or Enter, or press ? or * to list all spells.
Aiming: Poisonous Vapours (safe; 8% risk of failure)
Press: ? - help, Dir - move target, f/p - two-headed ogre
Aim: a two-headed ogre, wielding a +0 giant club and a +0 giant spiked club (lightly wounded, very poisoned) Poisonous vapours surround the two-headed ogre!
The two-headed ogre looks as sick as possible!
Casting: Poisonous Vapours (safe; 8% risk of failure)
Confirm with . or Enter, or press ? or * to list all spells.
Aiming: Poisonous Vapours (safe; 8% risk of failure)
Press: ? - help, Dir - move target, f/p - two-headed ogre
Aim: a two-headed ogre, wielding a +0 giant club and a +0 giant spiked club (heavily wounded, very poisoned) Poisonous vapours surround the two-headed ogre!
The two-headed ogre looks even sicker.
Found a runed short sword and 12 gold pieces.
A vampire mosquito comes into view.
Casting: Poisonous Vapours (safe; 8% risk of failure)
Confirm with . or Enter, or press ? or * to list all spells.
Aiming: Poisonous Vapours (safe; 8% risk of failure)
Press: ? - help, Dir - move target, f/p - two-headed ogre
Aim: a two-headed ogre, wielding a +0 giant club and a +0 giant spiked club (heavily wounded, poisoned) Poisonous vapours surround the two-headed ogre!
The two-headed ogre looks even sicker.
You tentacle-slap the two-headed ogre.
Your squeeze misses the two-headed ogre.
The two-headed ogre is severely wounded.
The two-headed ogre misses you.
The two-headed ogre hits you with a +0 giant spiked club!
You barely miss the two-headed ogre.
The two-headed ogre is severely wounded.
You tentacle-slap the two-headed ogre but do no damage.
The two-headed ogre is severely wounded.
The two-headed ogre hits you with a +0 giant club!
The two-headed ogre hits you with a +0 giant spiked club!!
* * * LOW HITPOINT WARNING * * *
You tentacle-slap the two-headed ogre. You squeeze the two-headed ogre!
The two-headed ogre is almost dead.
The two-headed ogre closely misses you.
The two-headed ogre hits you with a +0 giant spiked club!!
You die...
Your body crumbles into a pile of gold.

#....O........ #######
##.##########. #.....#
#.# .# #.....# #.# .#
#.....#### #.# ### .#
#........###.###.######.#
.........'....##....>...#
.........###.........#..#
.........# ##.##@###.#..#
.........# #.##O#......#
#####....# #.##.###....#
###### #.##.# #....####
#.##.#####..##.# #######
#.#)...........# ......#
#O#...########.## ......#
#.#.#.#.#.#.....# ......#
#..........##..##


You could see a two-headed ogre (very poisoned).

Vanquished Creatures
  A two-headed ogre (D:9)
  Joseph (D:7)
  A hornet (D:8)
  Grinder (D:6)
  Prince Ribbit (D:5)
  2 shadows (D:9)
  Edmund (D:4)
  Menkaure (D:4)
  An ice beast (D:6)
  A sky beast (D:6)
  3 black bears
  An ogre (D:6)
  A bullfrog (D:6)
  A gnoll sergeant (D:9)
  2 scorpions
  8 wights
  A howler monkey (D:6)
  Crazy Yiuf (D:2)
  2 jellies (D:6)
  4 hounds
  4 orc priests
  3 iguanas
  6 orc wizards
  8 mummies (Ossuary)
  9 gnolls
  5 adders
  A white imp (D:6)
  2 worms
  4 dart slugs
  25 orcs
  7 endoplasms
  2 giant cockroaches
  5 goblins
  5 hobgoblins
  6 jackals
  A quokka (D:4)
  7 ball pythons
  8 bats
  2 frilled lizards
  3 hobgoblin zombies (Ossuary)
  6 kobolds
  3 kobold zombies (Ossuary)
  2 orc zombies (Ossuary)
  9 rats
168 creatures vanquished.

Vanquished Creatures (collateral kills)
  A centaur (D:9)
  A wight (D:7)
  A gnoll (D:4)
  An adder (D:3)
  2 ball pythons (D:4)
  A frilled lizard (D:3)
7 creatures vanquished.

Vanquished Creatures (others)
  A steam dragon (D:9)
  A bullfrog (D:6)
  A jelly (D:6)
  2 orcs (D:8)
5 creatures vanquished.

Grand Total: 180 creatures vanquished

Notes
Turn   | Place    | Note
-------+----------+-------------------------------------------
     0 | D:1      | H0rd4k the Octopode Artificer began the quest for the Orb.
     0 | D:1      | Reached XP level 1. HP: 13/13 MP: 1/1
   337 | D:1      | Reached skill level 1 in Spellcasting
   337 | D:1      | Reached XP level 2. HP: 10/18 MP: 3/3
   718 | D:1      | Found a faded altar of an unknown god.
   725 | D:1      | Reached XP level 3. HP: 23/24 MP: 5/5
  1276 | D:2      | Reached skill level 1 in Unarmed Combat
  1502 | D:2      | Found a white marble altar of Elyvilon.
  1543 | D:2      | Found Erphayg's Assorted Antiques.
  1746 | D:2      | Found a runed translucent door.
  1747 | D:2      | Noticed Crazy Yiuf
  1957 | D:3      | Reached XP level 4. HP: 29/29 MP: 6/6
  1993 | D:3      | Found a sacrificial altar of Ru.
  2399 | D:3      | Reached skill level 2 in Spellcasting
  3023 | D:3      | Reached XP level 5. HP: 13/35 MP: 8/8
  3328 | D:4      | Noticed Menkaure
  3339 | D:4      | Killed Menkaure
  3340 | D:4      | Reached XP level 6. HP: 26/41 MP: 9/9
  3521 | D:4      | Noticed Edmund
  3569 | D:4      | Killed Edmund
  4103 | D:4      | Noticed a black bear
  4107 | D:4      | Killed a black bear
  4108 | D:4      | Reached skill level 5 in Unarmed Combat
  4108 | D:4      | Reached skill level 3 in Spellcasting
  4108 | D:4      | Reached XP level 7. HP: 46/46 MP: 11/11
  4524 | D:4      | Found a hazy altar of Hepliaklqana.
  4577 | D:4      | Learned a level 3 spell: Confusing Touch
  4810 | D:5      | Entered Level 5 of the Dungeon
  5027 | D:5      | Reached skill level 1 in Hexes
  5066 | D:5      | Noticed Prince Ribbit
  5074 | D:5      | Killed Prince Ribbit
  5127 | D:5      | Reached skill level 4 in Spellcasting
  5127 | D:5      | Reached XP level 8. HP: 45/54 MP: 12/14
  5351 | D:5      | Found Eziuvu's Jewellery Shop.
  6013 | D:6      | Noticed Grinder
  6019 | D:6      | Reached skill level 5 in Spellcasting
  6403 | D:6      | Reached skill level 5 in Fighting
  6746 | D:6      | Reached skill level 6 in Spellcasting
  7001 | D:6      | Reached XP level 9. HP: 41/61 MP: 15/18
  7232 | D:6      | Killed Grinder
  7681 | D:7      | Found a staircase to the Ecumenical Temple.
  7683 | D:7      | Noticed Joseph
  7690 | Temple   | Entered the Ecumenical Temple
  7754 | Temple   | Became a worshipper of Gozag Ym Sagoz the Greedy
  8490 | D:7      | Found a white marble altar of Elyvilon.
  8501 | D:7      | Reached skill level 7 in Spellcasting
  8769 | D:7      | HP: 2/62 [Joseph/+0 quarterstaff (16)]
  8770 | D:7      | Killed Joseph
  8771 | D:7      | Reached skill level 5 in Hexes
  9238 | D:8      | Noticed a hornet
  9254 | D:8      | Paralysed by a hornet for 3 turns
  9260 | D:8      | Killed a hornet
  9596 | D:8      | Found a sand-covered staircase.
  9602 | Ossuary  | Entered an ossuary
 10907 | D:9      | Noticed a two-headed ogre
 10936 | D:9      | Found Caqafel's Elemental Accessories.
 10984 | D:9      | Reached skill level 8 in Spellcasting
 10984 | D:9      | Reached XP level 10. HP: 7/69 MP: 18/22
 11444 | D:9      | Killed a two-headed ogre
 12221 | D:8      | Found an ancient bone altar of Kikubaaqudgha.
 12551 | D:2      | Identified a scroll of acquirement
 12551 | D:2      | Acquired 534 gold pieces
 12592 | D:2      | Killed Crazy Yiuf
 12736 | D:5      | Bought the amulet "Miawnuxt" {Acrobat rPois rF+++ Int+3
                  | Dex-2} for 783 gold pieces
 12753 | D:5      | Learned a level 2 spell: Blink
 12756 | D:5      | Learned a level 2 spell: Poisonous Vapours
 13033 | D:9      | Reached skill level 9 in Spellcasting
 13156 | D:9      | Noticed a two-headed ogre
 13193 | D:9      | Slain by a two-headed ogre

Illustrated notes

Levels and vault maps discovered:
D:1:      lightli_arrival_statue_moat, layout_basic,
          ebering_ecumenical_altar_hall, serial_park_tiny_pond, chequers_garden,
          st_stairs_1
D:2:      layout_rooms, basic_altar, serial_shops, nicolae_diamond_shop,
          minmay_circle_x, uniq_crazy_yiuf_cottage
D:3:      layout_loops_ring, hangedman_ru_absence
D:4:      layout_loops_ring, worldfamousw_hep_ancestral_shrine,
          hangedman_decor_riveting, grunt_decor_one_mirror, uniq_menkaure,
          uniq_edmund
D:5:      layout_gridville, serial_shops, kennysheep_little_box,
          uniq_prince_ribbit1
D:6:      layout_loops_corners, kennysheep_nondescript, lemuel_flamethrower_2,
          uniq_grinder
D:7:      layout_rooms, old_standard_altar, temple_doors_e, uniq_joseph
D:8:      layout_gridville, mainiacjoe_overflow_brackets,
          nicolae_ossuary_entry_monument
D:9:      layout_basic, minmay_strange_pillars, nicolae_elemental_shop,
          st_stairs_9
Temple:   compressed_dpeg_circular_temple

Skill      XL: |  1  2  3  4  5  6  7  8  9 10 |
---------------+-------------------------------+-----
Spellcasting   | 1 2 3 4 6 8 9 |  9.0
Fighting       | 2 3 4 5 6 |  6.7
Unarmed Combat | 1 2 3 5 |  5.2
Hexes          | 2 4 5 6 |  6.6
Dodging        | |  2.3
Stealth        | |  1.3
Translocations | |  0.3
Evocations     | |  3.2

Action                   |  1- 3 |  4- 6 |  7- 9 | 10-12 || total
-------------------------+-------+-------+-------+-------++-------
Melee: Unarmed           |    96 |    90 |   300 |    69 ||   555
       Tentacles         |    30 |    21 |   110 |    23 ||   184
       Constrict         |    26 |    21 |    61 |    13 ||   121
       Punch             |     2 |     4 |    19 |     5 ||    30
 Cast: Confusing Touch   |       |       |    21 |     7 ||    28
       Poisonous Vapours |       |       |       |     6 ||     6
Evoke: Wand              |       |    13 |    21 |     3 ||    37
  Use: Scroll            |       |       |       |    16 ||    16
       Potion            |       |       |       |     1 ||     1
 Stab: Sleeping          |    13 |     4 |    11 |       ||    28
       Distracted        |     1 |       |       |       ||     1
       Confused          |       |       |     6 |     8 ||    14
Armor: Skin              |     7 |     4 |    44 |    13 ||    68
Dodge: Dodged            |    59 |    63 |   154 |    39 ||   315
